 Dungeon Crawl Stone Soup version 0.22.1-1-ga44c0e5 (webtiles) character file.

3883 fispok69 the Quickloader (level 9, 0/69 HPs)
             Began as a Demigod Hunter on Sept 24, 2018.
             Slain by a wyvern (18 damage)
             ... on level 8 of the Dungeon.
             The game lasted 00:20:55 (11807 turns).

fispok69 the Quickloader (Demigod Hunter)          Turns: 11807, Time: 00:20:56

Health: 0/69       AC:  5    Str: 21    XL:     9   Next: 68%
Magic:  11/11      EV: 13    Int: 15    God:
Gold:   370        SH:  9    Dex: 20    Spells: 0/8 levels left

rFire    . . .     SeeInvis .   a - +1 hand crossbow
rCold    . . .     Gourm    .   s - +1 buckler
rNeg     . . .     Faith    .   x - +0 leather armour {rPois}
rPois    +         Spirit   .   G - +0 helmet
rElec    .         Reflect  +   Q - +0 cloak
rCorr    .         Harm     .   (no gloves)
MR       .....                  (no boots)
Stlth    ++........             A - +2 amulet of reflection
HPRegen  0.21/turn              e - +4 ring of strength
MPRegen  0.12/turn              q - +1 ring of slaying

@: no status effects
A: high mp 1
a: no special abilities


You were on level 8 of the Dungeon.
You were not hungry.

You visited 2 branches of the dungeon, and saw 9 of its levels.

You collected 370 gold pieces.

Inventory:

Hand Weapons
 a - a +1 hand crossbow (weapon)
 u - a +2 spear of flaming
 D - a +5 hand axe
 F - a +2 halberd of pain
 J - a +2 long sword of freezing
 L - a +3 scimitar
 M - a +1 dagger of venom
 O - a +2 dagger of protection
 R - a +0 war axe of chopping
Missiles
 d - 131 bolts (quivered)
 h - 272 stones
 p - 44 poisoned needles
 B - 2 tomahawks
 N - a throwing net
Armour
 r - a +4 chain mail
 s - a +1 buckler (worn)
 x - a +0 leather armour of poison resistance (worn)
 y - a +2 robe of positive energy
 G - a +0 helmet (worn)
 K - the +7 scale mail of Patience {rPois rC- Int+6 Dex-4}
   (You found it on level 7 of the Dungeon)

   It affects your intelligence (+6).
   It affects your dexterity (-4).
   It makes you vulnerable to cold.
   It protects you from poison.
 Q - a +0 cloak (worn)
Magical Staves
 m - an uncursed staff of wizardry
Jewellery
 e - a +4 ring of strength (left hand)
 i - an uncursed ring of poison resistance
 q - a +1 ring of slaying (right hand)
 A - a +2 amulet of reflection (around neck)
 P - a cursed amulet of the acrobat
Scrolls
 c - a scroll of fog
 g - a scroll of blinking
 k - a scroll of remove curse
 t - a scroll of immolation
 E - a scroll of teleportation
 T - a scroll of enchant armour
Potions
 b - a potion of lignification
 j - a potion of brilliance
 l - 3 potions of might
 n - a potion of haste
 o - a potion of flight
 v - a potion of mutation
 w - 2 potions of invisibility
 z - 3 potions of agility
 C - 2 potions of cancellation
 I - 2 potions of curing
 S - a potion of degeneration {unknown}
Comestibles
 f - 18 rations
 H - 2 chunks of flesh


   Skills:
 - Level 3.0 Fighting
 - Level 3.0 Polearms
 * Level 10.5 Crossbows
 - Level 2.5 Dodging
 - Level 0.8 Stealth
 - Level 5.0 Shields
 + Level 5.0 Hexes


You couldn't memorise any spells.
You knew the following spells:

 Your Spells              Type           Power        Failure   Level  Hunger
a - Portal Projectile     Hex/Tloc       #.....       32%         3    ####...
b - Inner Flame           Hex/Fire       #.......     32%         3    ####...
c - Ensorcelled Hibernat  Hex/Ice        #.....       17%         2    ###....

Your spell library contained the following spells:

 Spells                   Type           Power        Failure   Level  Hunger
 Corona                   Hex            ###....      4%          1    ##.....
 Slow                     Hex            ###.....     6%          2    ###....
 Confuse                  Hex            ###.....     12%         3    ####...
 Tukima's Dance           Hex            ###.....     12%         3    ####...
 Dazzling Spray           Conj/Hex       #.....       32%         3    ####...
 Cause Fear               Hex            ###.......   36%         4    #####..
 Leda's Liquefaction      Hex/Erth       #.........   73%         4    #####..


Dungeon Overview and Level Annotations

Branches:
Dungeon (8/15)             Temple (1/1) D:6
   Lair: D:8-11

Shops:
D:4 [

Annotations:
D:2 1 runed door
D:6 Grinder


Innate Abilities, Weirdness & Mutations

You have an increased reservoir of magic. (+10% MP)


Message History

The wyvern bites you!
You hit the wyvern but do no damage.
The wyvern is lightly wounded.
The wyvern bites you. The wyvern barely misses you.
You closely miss the wyvern.
The wyvern is lightly wounded.
The wyvern bites you!!
* * * LOW HITPOINT WARNING * * *
You are too injured to fight recklessly!
You are too injured to fight recklessly!
You are too injured to fight recklessly!
You are too injured to fight recklessly!
You are too injured to fight recklessly!
Wield which item (- for none, * to show all)? (? for menu, Esc to quit)
Your +2 spear of flaming stops flaming.
a - a +1 hand crossbow (weapon)
The wyvern bites you!
* * * LOW HITPOINT WARNING * * *
You feel better. The wyvern bites you!!
You die...

.#.###.#.#
#.^........#.
.[.....#.#
#.#..#.##.##.
.#.###.#.####
#.#..#.##.###
.#..........#
+......##.#
.############
###..####.# .#
#.......# .#
#..###### .#
##############..#
..
......l@........#
##
##############.##
###


You could see a wyvern.

Vanquished Creatures
  A two-headed ogre (D:8)
  A hippogriff (D:8)
  Eustachio (D:6)
  A hungry ghost (D:8)
  An orc warrior (D:7)
  3 ice beasts (D:6)
  4 ogres
  2 centaurs (D:8)
  2 bullfrogs
  A gnoll sergeant (D:7)
  A wyvern zombie (D:7)
  3 scorpions
  4 wights (D:6)
  3 crimson imps
  A centaur zombie (D:8)
  3 hounds
  3 bullfrog skeletons
  3 jellies (D:8)
  3 orc priests
  9 orc wizards
  Jessica (D:3)
  3 iguanas
  Natasha (thrice) (D:2)
  5 worker ants
  A hound skeleton (D:8)
  4 gnolls (D:7)
  15 adders
  2 shadow imps (D:5)
  An ooze (D:1)
  An adder skeleton (D:6)
  5 worms
  3 dart slugs
  5 leopard geckos
  28 orcs
  3 ball pythons
  A giant cockroach (D:6)
  13 goblins
  9 hobgoblins
  6 jackals
  4 kobolds
  3 quokkas
  11 bats
  4 frilled lizards
  A giant cockroach zombie (D:5)
  A jackal skeleton (D:4)
  A leopard gecko skeleton (D:4)
  A quokka skeleton (D:6)
  13 rats
198 creatures vanquished.

Vanquished Creatures (others)
  2 orcs (D:3)
  4 toadstools (D:1)
6 creatures vanquished.

Grand Total: 204 creatures vanquished

Notes
Turn   | Place    | Note
-------+----------+-------------------------------------------
     0 | D:1      | fispok69 the Demigod Hunter began the quest for the Orb.
     0 | D:1      | Reached XP level 1. HP: 17/17 MP: 3/3
   177 | D:1      | Reached XP level 2. HP: 14/24 MP: 4/4
   330 | D:1      | Reached skill level 4 in Crossbows
  1332 | D:1      | Reached XP level 3. HP: 22/29 MP: 5/5
  1610 | D:2      | Found a radiant altar of Vehumet.
  1783 | D:2      | Found a runed door.
  2251 | D:2      | Noticed Natasha
  2257 | D:2      | Killed Natasha
  2257 | D:2      | Reached skill level 5 in Crossbows
  2257 | D:2      | Reached XP level 4. HP: 10/36 MP: 6/6
  2612 | D:2      | Noticed Natasha
  2620 | D:2      | Killed Natasha
  2620 | D:2      | Reached skill level 1 in Shields
  2787 | D:2      | Noticed Natasha
  2795 | D:2      | Killed Natasha
  2923 | D:3      | Noticed Jessica
  2935 | D:3      | Killed Jessica
  2935 | D:3      | Reached XP level 5. HP: 41/41 MP: 7/7
  3385 | D:3      | Found an iron altar of Okawaru.
  3529 | D:3      | Reached skill level 6 in Crossbows
  3532 | D:3      | Reached XP level 6. HP: 12/48 MP: 8/8
  3913 | D:3      | Found an ornate altar of the Wu Jian Council.
  4291 | D:4      | Found Miekk's Armour Emporium.
  5091 | D:4      | Found a hazy altar of Hepliaklqana.
  5213 | D:5      | Entered Level 5 of the Dungeon
  5387 | D:5      | Found a white marble altar of Elyvilon.
  5398 | D:5      | Reached XP level 7. HP: 27/53 MP: 9/9
  5404 | D:5      | Reached skill level 1 in Polearms
  5404 | D:5      | Reached skill level 7 in Crossbows
  6092 | D:5      | Learned a level 3 spell: Portal Projectile
  6096 | D:5      | Learned a level 3 spell: Inner Flame
  6307 | D:6      | Noticed Eustachio
  6344 | D:6      | Killed Eustachio
  7279 | D:6      | Reached skill level 1 in Hexes
  7299 | D:6      | Reached XP level 8. HP: 35/60 MP: 10/10
  7404 | D:6      | Reached skill level 8 in Crossbows
  7682 | D:6      | Found a basalt altar of Yredelemnul.
  7937 | D:6      | Found a blossoming altar of Fedhas.
  7971 | D:6      | Noticed Grinder
  8459 | D:6      | Found a staircase to the Ecumenical Temple.
  8467 | Temple   | Entered the Ecumenical Temple
  9032 | D:7      | Found an opulent altar of Gozag.
  9082 | D:7      | Found a sacrificial altar of Ru.
  9339 | D:7      | Found a hide-covered altar of Uskayaw.
  9493 | D:7      | Reached skill level 5 in Shields
  9813 | D:7      | Found an ancient bone altar of Kikubaaqudgha.
  9893 | D:7      | Got a crude scale mail
  9894 | D:7      | Identified the +7 scale mail of Patience {rPois rC- Int+6
                  | Dex-4} (You found it on level 7 of the Dungeon)
 10063 | D:7      | Reached skill level 9 in Crossbows
 10099 | D:7      | Reached XP level 9. HP: 69/69 MP: 11/11
 10190 | D:7      | Learned a level 2 spell: Ensorcelled Hibernation
 11129 | D:8      | Noticed a two-headed ogre
 11150 | D:8      | Killed a two-headed ogre
 11150 | D:8      | Reached skill level 10 in Crossbows
 11521 | D:8      | Noticed a moth of wrath
 11524 | D:8      | Found a bloodstained altar of Trog.
 11640 | D:8      | Reached skill level 5 in Hexes
 11807 | D:8      | Slain by a wyvern

Skill      XL: |  1  2  3  4  5  6  7  8  9 |
---------------+----------------------------+-----
Dodging        | 2 |  2.5
Crossbows      | 4 5 6 7 9 10 | 10.5
Shields        | 1 2 3 4 5 |  5.0
Polearms       | 2 3 |  3.0
Hexes          | 1 3 5 |  5.0
Fighting       | 3 |  3.0
Stealth        | |  0.8

Action                   |  1- 3 |  4- 6 |  7- 9 || total
-------------------------+-------+-------+-------++-------
Melee: Short sword       |   101 |       |       ||   101
       Spear             |    51 |   205 |   264 ||   520
       Dagger            |       |       |    15 ||    15
 Fire: Hand crossbow     |       |    47 |   147 ||   194
  Use: Potion            |     2 |     2 |     2 ||     6
       Scroll            |       |     1 |    23 ||    24
 Stab: Sleeping          |     4 |     4 |     6 ||    14
  Eat: Chunk             |     4 |    10 |    18 ||    32
       Ration            |       |       |     1 ||     1
Armor: Leather armour    |    34 |    25 |    47 ||   106
Dodge: Dodged            |    72 |   131 |   146 ||   349
Block: Buckler           |       |    48 |   106 ||   154
       Reflection        |       |       |     1 ||     1
